Map: Ever Dream LE

Players

Zest

  • Race: Protoss Protoss
  • Spawn Location: 7:00

Liquidthermy (uThermal) - Winner!

  • Race: Terran Terran
  • Spawn Location: 1:00

Event: Shopify TSL 5

VOD

Have the link to the VOD?

Description

Time

  • Played on: June 6, 2020, 10:04 a.m.
  • Length: 5:18

All games in this series

Show
View Real Time Build Order
Export as new Build Order

Zest Protoss 

Build Orders: 1 Gate Expand, Blink Stalkers 

Get SALT Encoding   

  12  0:01  Probe  
  13  0:13  Probe  
  14  0:17  Pylon  
  14  0:25  Probe (Chrono Boost)  
  15  0:37  Probe (Chrono Boost)  
  15  0:38  Gateway  
  16  0:45  Probe (Chrono Boost)  
  16  0:46  Assimilator  
  17  0:51  Probe  
  18  1:03  Probe  
  19  1:15  Probe  
  20  1:25  Cybernetics Core  
  20  1:31  Nexus  
  20  1:35  Probe  
  21  1:42  Pylon  
  21  1:47  Probe  
  21  1:50  Assimilator  
  22  1:59  Adept (Chrono Boost), Probe  
  23  2:02  Warp Gate  
  25  2:11  Probe  
  26  2:19  Stalker (Chrono Boost)  
  28  2:25  Probe  
  29  2:37  Probe  
  29  2:40  Twilight Council  
  30  2:54  Stalker  
  30  2:56  Probe (Chrono Boost)  
  30  2:57  Probe (Chrono Boost)  
  36  3:05  Probe (Chrono Boost)  
  36  3:06  Gateway  
  36  3:08  Probe (Chrono Boost)  
  36  3:10  Probe (Chrono Boost), Blink (Chrono Boost)  
  37  3:17  Probe  
  38  3:22  Probe  
  41  3:29  Probe  
  42  3:34  Probe (Chrono Boost)  
  42  3:39  Gateway  
  44  3:46  Probe (Chrono Boost), Pylon  
  44  3:47  Probe (Chrono Boost)  
  45  3:49  Pylon  
  45  3:52  Probe (Chrono Boost)  
  45  3:54  Probe (Chrono Boost)  
  45  3:58  Assimilator  
  45  4:01  Probe  
  46  4:05  Sentry x2, Probe  
  46  4:07  Nexus  
  51  4:13  Probe, Shield Battery  
  52  4:17  Probe  
  52  4:20  Assimilator  
  53  4:25  Probe  
  53  4:29  Probe  
  55  4:32  Stalker x2  
  55  4:40  Stalker  
  49  4:56  Stalker x2  
  49  4:58  Probe x2  
  38  5:09  Stalker  
Show
View Real Time Build Order
Export as new Build Order

Liquidthermy Terran - Winner!

Build Orders: Reaper Expand 

Get SALT Encoding   

  12  0:01  SCV  
  13  0:13  SCV  
  14  0:17  Supply Depot  
  14  0:25  SCV  
  15  0:38  SCV  
  15  0:39  Barracks  
  16  0:42  Refinery  
  16  0:50  SCV  
  17  1:03  SCV  
  18  1:15  SCV  
  19  1:26  Reaper  
  19  1:27  Orbital Command  
  20  1:39  Command Center  
  20  1:50  Barracks  
  20  1:53  SCV  
  21  1:58  Marine  
  22  2:02  Supply Depot  
  22  2:05  SCV  
  23  2:15  Factory  
  23  2:21  Barracks Reactor  
  23  2:24  SCV  
  24  2:31  Refinery  
  24  2:36  SCV  
  25  2:38  Barracks Tech Lab  
  25  2:48  SCV  
  26  2:52  Orbital Command  
  26  2:58  Marine x2  
  27  3:00  SCV, Marauder  
  27  3:01  Factory Tech Lab  
  30  3:12  SCV  
  31  3:16  Marine x2  
  31  3:18  SCV  
  31  3:19  Siege Tank  
  37  3:23  Marauder  
  39  3:29  Supply Depot  
  39  3:32  Concussive Shells  
  39  3:33  Marine  
  39  3:34  Marine  
  40  3:39  SCV x2  
  43  3:47  Engineering Bay  
  43  3:48  Marine  
  44  3:51  Marine x2  
  46  3:56  Siege Tank  
  46  4:01  SCV  
  46  4:02  SCV  
  51  4:05  Supply Depot  
  51  4:06  Marauder  
  53  4:12  Marine  
  53  4:13  Missile Turret  
  54  4:23  Supply Depot  
  54  4:26  SCV x2, Marine  
  56  4:31  Siege Tank  
  56  4:34  Marine  
  59  4:38  SCV  
  59  4:40  Bunker  
  59  4:45  Marine  
  56  4:58  Marine  
  56  5:01  SCV  
Tags
 
Add a new tag
Caveats
  • Supply blocks, unpowered buildings, or Contaminate may cause inaccurate times.
  • Supply counts are checked every 10 seconds.